 Dungeon Crawl Stone Soup version 0.30-a0-782-ge64f9170bb (webtiles) character file.

Game seed: 6623642605350792896

18932 ryw the Fighter (level 12, -8/150 HPs)
             Began as a Demonspawn Monk on Feb 18, 2023.
             Succumbed to a scorpion's poison
             ... on level 3 of the Lair of Beasts on Feb 19, 2023.
             The game lasted 00:35:55 (16194 turns).

ryw the Fighter (Demonspawn Monk)                  Turns: 16194, Time: 00:35:55

Health: -8/150     AC: 29    Str: 11    XL:     12   Next: 32%
Magic:  12/18      EV:  6    Int: 21    God:
Gold:   854        SH:  0    Dex: 18    Spells: 15/19 levels left

rFire   . . .      SeeInvis .    n - +3 scimitar (venom)
rCold   . . .      Faith    +    (no shield)
rNeg    . . .      Spirit   .    y - +1 crystal plate armour
rPois   .          Reflect  .    (no helmet)
rElec   .          Harm     .    (cloak unavailable)
rCorr   .          Rampage  .    g - +2 pair of gloves {infuse}
Will    .....                    I - +0 pair of boots Stlth
                                 t - amulet of faith
HPRegen 0.45/turn                c - +5 ring of evasion
MPRegen 0.16/turn                G - +6 ring of intelligence

@: mighty, berserking (expiring), lethally poisoned (-8 -> -55), slowed
A: molten scales 2, foul stench 2, demonic magic 1, weakness stinger 3
a: no special abilities


You were on level 3 of the Lair of Beasts.
You visited 2 branches of the dungeon, and saw 13 of its levels.

You collected 854 gold pieces.

Inventory:

Hand Weapons
 a - a +2 great sword
 k - a +2 dagger of venom
 n - a +3 scimitar of venom (weapon)
 v - the +3 flail of Temperance {freeze, *Slow rPois rF+ Dex+3}
   (You found it on level 4 of the Dungeon)

   Dex:       It affects your dexterity (+3).
   rF:        It protects you from fire.
   rPois:     It protects you from poison.
   *Slow:     It may slow you when you take damage.
 w - a +2 dagger of venom
Missiles
 f - 10 poisoned darts (quivered)
 o - 4 throwing nets
 O - 5 boomerangs
Armour
 g - a +2 pair of gloves of infusion (worn)
 y - a +1 crystal plate armour (worn)
 I - a +0 pair of boots (worn)
Jewellery
 b - a ring of flight
 c - a +5 ring of evasion (left hand)
 t - an amulet of faith (around neck)
 F - a ring of willpower
 G - a +6 ring of intelligence (right hand)
 K - a ring of protection from cold
 L - a ring of protection from fire
 M - a +4 ring of slaying
 R - a ring of ice
Wands
 x - a wand of charming (25)
 A - a wand of flame (24)
 E - a wand of iceblast (11)
 H - a wand of polymorph (8)
 Q - a wand of mindburst (8)
Scrolls
 p - 2 scrolls of amnesia
 q - a scroll of blinking
 u - 2 scrolls of fear
 B - 9 scrolls of teleportation
 P - a scroll of fog
 T - a scroll of brand weapon
Potions
 d - 7 potions of degeneration
 e - 7 potions of heal wounds
 h - 12 potions of curing
 i - a potion of flight
 j - 3 potions of haste
 l - 2 potions of resistance
 m - 4 potions of mutation
 r - a potion of berserk rage
 s - a potion of lignification
 z - 2 potions of cancellation {unknown}
 D - 2 potions of attraction
 N - a potion of brilliance {unknown}
 S - 2 potions of magic
Miscellaneous
 J - a piece from Xom's chessboard (15/15)


   Skills:
 + Level 11.6 Fighting
 * Level 7.3 Long Blades
 + Level 10.3 Armour
 - Level 8.0 Dodging
 - Level 1.7 Stealth
 - Level 2.6 Unarmed Combat
 + Level 4.1 Spellcasting
 + Level 4.5 Hexes


You had 15 spell levels left.
You knew the following spells:

 Your Spells              Type           Power      Damage    Failure   Level
a - Summon Small Mammal   Summ           16%        N/A       100%        1
b - Confusing Touch       Hex            23%        N/A       100%        3

Your spell library contained the following spells:

 Spells                   Type           Power      Damage    Failure   Level
 Kiss of Death            Conj/Necr      16%        2d6       100%        1
 Cigotuvi's Dreadful Rot  Necr/Pois/Air  8%         N/A       100%        2
 Ensorcelled Hibernation  Hex/Ice        26%        N/A       100%        2
 Passwall                 Tmut/Erth      3%         N/A       100%        2
 Call Canine Familiar     Summ           4%         N/A       100%        3
 Ozocubu's Armour         Ice            4%         N/A       100%        3
 Summon Guardian Golem    Hex/Summ       13%        N/A       100%        3
 Swiftness                Air            4%         N/A       100%        3
 Dispel Undead            Necr           4%         3d7       100%        4
 Freezing Cloud           Conj/Ice/Air   2%         6-21      100%        5
 Death Channel            Necr           2%         N/A       100%        6
 Simulacrum               Ice/Necr       2%         N/A       100%        6
 Ozocubu's Refrigeration  Ice            2%         4d7       100%        7
 Borgnjor's Revivificati  Necr           2%         N/A       100%        8
 Necromutation            Tmut/Necr      2%         N/A       100%        8
 Death's Door             Necr           2%         N/A       100%        9
 Polar Vortex             Ice            2%         N/A       100%        9


Dungeon Overview and Level Annotations

Branches:
Dungeon (10/15)            Temple (0/1) D:4            Lair (3/5) D:10
    Orc (0/2) D:10
  Swamp: Lair:2-3    Shoals: Lair:2-3     Snake: Lair:2-3    Spider: Lair:2-3

Altars:
Gozag
Makhleb
Okawaru
Ru
Sif Muna
Trog
Yredelemnul

Shops:
D:1 :

Annotations:
D:5 1 runed translucent door, Beavis's ghost, amateur DsHu
D:9 exclusion: orange crystal statue
Lair:3 Amaemon


Innate Abilities, Weirdness & Mutations

You are mostly covered in molten scales. (AC +3)
You sometimes emit foul miasma when damaged in melee.
Spells you cast may paralyse adjacent enemies.
You have a sharp stinger which inflicts weakening toxins.


Message History

The scorpion stings you but does no damage.
The black mamba barely misses you.
The wyvern bites you but does no damage.
You slice the wyvern!!
You kill the wyvern!
You feel very sick.
The black mamba bites you but does no damage.
The scorpion stings you but does no damage. x2
Amaemon hits you with a -1 demon whip of venom.
* * * LOW HITPOINT WARNING * * *
You are more poisoned.
Amaemon claws you but does no damage.
Amaemon tail-slaps you but does no damage.
The black mamba bites you but does no damage.
The scorpion barely misses you.
You completely miss Amaemon.
Amaemon is almost dead.
* * * LOW HITPOINT WARNING * * *
You feel extremely sick.
The black mamba bites you but does no damage.
The scorpion stings you but does no damage.
Amaemon hits you with a -1 demon whip of venom.
* * * LOW HITPOINT WARNING * * *
You are more poisoned.
You emit a cloud of foul miasma!
Amaemon claws you but does no damage. Amaemon closely misses you.
The black mamba bites you.
* * * LOW HITPOINT WARNING * * *
You are more poisoned.
You have difficulty breathing.
* * * LOW HITPOINT WARNING * * *
You feel as though you will be slow longer.
You emit a cloud of foul miasma!
The scorpion stings you.
* * * LOW HITPOINT WARNING * * *
You are more poisoned.
The scorpion poisons you! The scorpion barely misses you.
You are too berserk!
Unknown command.
You closely miss Amaemon. You tail-slap Amaemon.
Amaemon is almost dead.
You die...

.##. .. ## ...
. ##..... .##.
......###....#
#..#...#.....
.##.........#..
.....⌠.s6⌠...#
#....†@S....#
.....⌠..s⌠...#
..#.........##
#.##......# ..
..##..... ##
... ...### #..
.### ##. ##


You could see Amaemon (extremely poisoned, weak), a black mamba (curare, weak)
and 2 scorpions.

Vanquished Creatures
  Fannar (Lair:1)
  Erolcha (D:9)
  Harold (Lair:1)
  2 two-headed ogres
  Pikel (D:5)
  2 black mambas (Lair:2)
  A cane toad (Lair:1)
  A polar bear (Lair:2)
  Prince Ribbit (D:7)
  8 blink frogs
  Sigmund (D:4)
  A wraith (D:9)
  2 wyverns
  30 yaks
  2 basilisks
  3 steam dragons
  3 swamp worms (Lair:1)
  10 water moccasins
  5 orc warriors
  8 ice beasts
  A sky beast (D:8)
  A black bear (D:7)
  3 ogres
  A centaur (D:5)
  6 wolves (Lair:2)
  3 phantoms (D:6)
  7 bullfrogs
  2 kobold brigands
  A gnoll sergeant (D:7)
  5 scorpions
  3 necrophages
  8 wights
  6 killer bees (D:9)
  11 electric eels
  3 howler monkeys
  A quasit (D:6)
  A jelly (D:4)
  A gnoll bouda (D:7)
  4 hounds
  4 orc priests
  Jessica (D:3)
  2 iguanas
  11 orc wizards
  3 gnolls (D:4)
  8 adders
  5 shadow imps
  6 white imps
  4 ufetubi (D:6)
  10 dart slugs
  33 orcs
  8 bats
  6 endoplasms
  3 giant cockroaches
  9 goblins
  5 hobgoblins
  8 jackals
  3 quokkas
  10 ball pythons
  A frilled lizard (D:2)
  16 kobolds
  2 rats (D:2)
310 creatures vanquished.

Vanquished Creatures (others)
  4 demonic plants (D:6)
  5 fungi
  48 plants
  2 withered plants (D:5)
59 creatures vanquished.

Grand Total: 369 creatures vanquished

Notes
Turn   | Place    | Note
-------+----------+-------------------------------------------
     0 | D:1      | ryw the Demonspawn Monk began the quest for the Orb.
     0 | D:1      | Reached XP level 1. HP: 18/18 MP: 1/1
     4 | D:1      | Found Efunnabb's Book Shoppe.
   153 | D:1      | Gained mutation: You have a small tail. [demonic ancestry]
   153 | D:1      | Reached XP level 2. HP: 6/24 MP: 2/2
   784 | D:2      | Gained mutation: You have a tail ending in a sharp stinger.
                  | [demonic ancestry]
   784 | D:2      | Reached XP level 3. HP: 29/29 MP: 3/3
  1243 | D:2      | Reached skill level 1 in Long Blades
  1391 | D:2      | Gained mutation: You may rarely emit foul miasma when
                  | damaged in melee. [demonic ancestry]
  1391 | D:2      | Reached XP level 4. HP: 31/37 MP: 4/4
  1737 | D:2      | Identified a scroll of acquirement
  1737 | D:2      | Acquired a +2 pair of gloves of infusion
  1953 | D:3      | Reached skill level 4 in Fighting
  2168 | D:3      | Noticed Jessica
  2179 | D:3      | Found a shimmering blue altar of Sif Muna.
  2212 | D:3      | Killed Jessica
  2670 | D:3      | Noticed a kobold brigand
  2689 | D:3      | Killed a kobold brigand
  2690 | D:3      | Gained mutation: You are partially covered in molten
                  | scales. (AC +2) [demonic ancestry]
  2690 | D:3      | Reached XP level 5. HP: 30/43 MP: 0/5
  2907 | D:4      | Noticed an ogre
  2913 | D:4      | Killed an ogre
  2914 | D:4      | Gained mutation: You have a sharp stinger which inflicts
                  | weakening toxins. [demonic ancestry]
  2914 | D:4      | Reached XP level 6. HP: 20/49 MP: 2/6
  3177 | D:4      | Found a sacrificial altar of Ru.
  3181 | D:4      | Found a staircase to the Ecumenical Temple.
  3340 | D:4      | Noticed Sigmund
  3341 | D:4      | Reached skill level 5 in Fighting
  3486 | D:4      | HP: 1/51 [spore (50)]
  3722 | D:4      | Killed Sigmund
  3723 | D:4      | Reached skill level 5 in Dodging
  3723 | D:4      | Reached XP level 7. HP: 38/56 MP: 4/7
  4281 | D:4      | Reached skill level 6 in Fighting
  4281 | D:4      | Identified the +3 flail of Temperance {freeze, *Slow rPois
                  | rF+ Dex+3}
  4585 | D:5      | Entered Level 5 of the Dungeon
  5048 | D:5      | Reached XP level 8. HP: 63/65 MP: 6/8
  5217 | D:5      | Found a runed translucent door.
  5234 | D:5      | Noticed Beavis's ghost (amateur DsHu)
  5287 | D:5      | Noticed Pikel
  5310 | D:5      | Killed Pikel
  5311 | D:5      | Reached skill level 7 in Fighting
  5543 | D:6      | Reached skill level 8 in Fighting
  5838 | D:6      | Reached skill level 1 in Armour
  5838 | D:6      | Gained mutation: Spells you cast may paralyse adjacent
                  | enemies. [demonic ancestry]
  5838 | D:6      | Reached XP level 9. HP: 54/75 MP: 0/9
  6397 | D:6      | Found a bloodstained altar of Trog.
  6423 | D:6      | HP: 3/68 [wight/+3 dagger (1)]
  7268 | D:7      | Reached skill level 9 in Fighting
  7518 | D:7      | Noticed Prince Ribbit
  7538 | D:7      | Killed Prince Ribbit
  7610 | D:7      | Reached skill level 5 in Armour
  8714 | D:7      | Gained mutation: You are mostly covered in molten scales.
                  | (AC +3) [demonic ancestry]
  8714 | D:7      | Reached XP level 10. HP: 82/83 MP: 7/10
  9084 | D:8      | Found an iron altar of Okawaru.
  9845 | D:9      | Found an opulent altar of Gozag.
  9878 | D:9      | Reached skill level 10 in Fighting
 10065 | D:9      | Noticed Erolcha
 10074 | D:9      | Noticed an orange crystal statue
 10317 | D:9      | Found a basalt altar of Yredelemnul.
 10436 | D:9      | Killed Erolcha
 10437 | D:9      | Reached skill level 5 in Long Blades
 10580 | D:9      | Noticed a two-headed ogre
 10593 | D:9      | Killed a two-headed ogre
 10594 | D:9      | Gained mutation: You sometimes emit foul miasma when
                  | damaged in melee. [demonic ancestry]
 10594 | D:9      | Reached XP level 11. HP: 79/92 MP: 4/11
 10634 | D:9      | Learned a level 3 spell: Confusing Touch
 11801 | D:10     | Entered Level 10 of the Dungeon
 11896 | D:10     | Noticed a two-headed ogre
 11906 | D:10     | Killed a two-headed ogre
 11907 | D:10     | Reached skill level 1 in Spellcasting
 11907 | D:10     | Reached skill level 1 in Hexes
 12151 | D:10     | Found a burning altar of Makhleb.
 12732 | D:10     | Found a staircase to the Lair.
 12954 | D:10     | Found a staircase to the Orcish Mines.
 13131 | D:10     | Reached skill level 11 in Fighting
 13264 | Lair:1   | Entered Level 1 of the Lair of Beasts
 13700 | Lair:1   | Noticed Fannar
 13716 | Lair:1   | Killed Fannar
 14640 | Lair:1   | Reached skill level 10 in Armour
 14775 | Lair:1   | Reached XP level 12. HP: 90/100 MP: 14/17
 15118 | Lair:2   | Noticed Harold
 15127 | Lair:1   | Killed Harold
 16040 | Lair:2   | Learned a level 1 spell: Summon Small Mammal
 16163 | Lair:2   | Noticed Amaemon
 16193 | Lair:3   | HP: 4/150 [scorpion[Amaemon] (5)]
 16194 | Lair:3   | Succumbed to a scorpion's poison

Illustrated notes

Levels and vault maps discovered:
D:1:      minmay_arrival_stone_box, layout_basic, serial_shops,
          nicolae_shop_hallway_stairs, serial_bayou_pond_c
D:2:      layout_basic, st_stairs_6, grunt_ministairs_12,
          minmay_misc_feat_more_columns, kennysheep_generic_room_14
D:3:      cheibrodos_thug_alley, layout_loops_cross,
          nicolae_sif_muna_condensation, uniq_jessica
D:4:      minmay_razor_zed, layout_basic, mainiacjoe_overflow_paths,
          temple_fountains, uniq_sigmund
D:5:      layout_rooms, gammafunk_ghost_grave, uniq_pikel
D:6:      kennysheep_slugbush, layout_cave_pools, old_standard_altar,
          serial_demonic, serial_demonic_b, serial_demonic_g, serial_demonic_c,
          serial_demonic_e
D:7:      minmay_bubble_buster, layout_cave_pools, uniq_prince_ribbit1
D:8:      layout_basic, grunt_temple_overflow_open
D:9:      minmay_twisted_water, layout_basic, mainiacjoe_overflow_cross_hatched,
          grunt_gozag_breadcrumbs, grunt_decor_resistance, minmay_statue_bubble,
          uniq_erolcha
D:10:     layout_loops_ring, nicolae_overflow_crystal_walls, lair_entry_dummy,
          david_orc_4
Lair:1:   layout_roguey, worms_lemuel, grunt_megastairs_3, serial_bayou_shore_a,
          infiniplex_staircase_pool_2, lemuel_fruit_fields, uniq_fannar
Lair:2:   layout_regular_city, nicolae_swamp_entry_splash_gauntlet, uniq_harold,
          uniq_amaemon
Lair:3:   layout_chaotic_city, spider_nest_entry_a, gammafunk_ghost_icy,
          serial_bayou_pond_e, grunt_megastairs_2, serial_bayou_shore_b,
          uniq_kirke

Skill      XL: |  1  2  3  4  5  6  7  8  9 10 11 12 |
---------------+-------------------------------------+-----
Dodging        | 3 4 5 6 7 8 |  8.0
Long Blades    | 1 2 3 5 6 7 |  7.3
Fighting       | 4 5 6 8 9 10 11 | 11.6
Armour         | 1 5 8 10 | 10.3
Spellcasting   | 3 4 |  4.1
Hexes          | 3 4 |  4.5
Stealth        | |  1.7
Unarmed Combat | |  2.6

Action                     |  1- 3 |  4- 6 |  7- 9 | 10-12 || total
---------------------------+-------+-------+-------+-------++-------
  Melee: Unarmed           |    69 |       |       |       ||    69
         Long sword        |    67 |    97 |    95 |       ||   259
         Tailslap          |    12 |     8 |    55 |    87 ||   162
         Punch             |     3 |     4 |     9 |    16 ||    32
         Dagger            |       |       |   153 |       ||   153
         Scimitar          |       |       |    84 |   499 ||   583
  Throw: Dart              |       |    12 |    36 |    38 ||    86
  Evoke: Wand              |       |       |     7 |     4 ||    11
    Use: Potion            |     1 |       |     1 |     5 ||     7
         Scroll            |       |    14 |     3 |    10 ||    27
   Stab: Sleeping          |     2 |     3 |     2 |       ||     7
         Distracted        |     1 |     2 |       |       ||     3
 Armour: Robe              |    24 |    23 |    19 |       ||    66
         Crystal plate arm |       |       |   323 |   491 ||   814
  Dodge: Dodged            |   150 |    86 |   198 |   135 ||   569

Table legend: (Time is in decaauts)
 A = Elapsed time spent in this place.
 B = Non-inter-level travel time spent in this place.
 C = Inter-level travel time spent in this place.
 D = Time resting spent in this place.
 E = Time spent auto-exploring this place.
 F = Levels seen in this place.
 G = Mean time per level.
                   A        B        C        D        E       F      G
               +--------+--------+--------+--------+--------+-----+--------+
         Total |  16413 |  16056 |    357 |   3379 |   9317 |  13 | 1262.5 |
       Dungeon |  13428 |  13104 |    324 |   2593 |   7671 |  10 | 1342.8 |
          Lair |   2985 |   2952 |     33 |    786 |   1645 |   3 |  995.0 |
               +--------+--------+--------+--------+--------+-----+--------+

Top non-repeatable levels by time:
     D:6: 2106 daAuts
     D:9: 2047 daAuts
     D:4: 1997 daAuts
  Lair:1: 1947 daAuts
    D:10: 1329 daAuts
     D:2: 1252 daAuts
     D:8: 1157 daAuts
     D:3: 1088 daAuts
     D:7: 1077 daAuts
  Lair:2: 1026 daAuts
     D:5: 741 daAuts
     D:1: 630 daAuts
  Lair:3: 12 daAuts
